 Dungeon Crawl Stone Soup version 0.29-a0-344-ge2f44be95a (webtiles) character file.

Game seed: 14693769576740117691

6699 NinjaNoafa the Skirmisher (level 10, -21/86 HPs)
             Began as a Green Draconian Monk on Apr 21, 2022.
             Was the Champion of Ru.
             Killed from afar by Erica (29 damage)
             ... with a lance of force
             ... on level 8 of the Dungeon.
             The game lasted 00:24:50 (7866 turns).

NinjaNoafa the Skirmisher (Green Draconian Monk)    Turns: 7866, Time: 00:24:51

Health: -21/86     AC: 15    Str: 13    XL:     10   Next: 74%
Magic:  5/19       EV: 15    Int: 21    God:    Ru [******]
Gold:   356        SH:  0    Dex: 16    Spells: 18/21 levels left

rFire   + + +      SeeInvis .   w - +3 falchion (vorpal)
rCold   + . .      Faith    .   (shield unavailable)
rNeg    . . .      Spirit   .   (body armour unavailable)
rPois   +          Reflect  .   (helmet restricted)
rElec   +          Harm     .   x - +1 cloak
rCorr   +          Rampage  .   o - +2 pair of gloves
Will    .....                   d - +2 pair of boots
Stlth   ++........              n - amulet of the Harvest {rF+++ Regen+ Str-2 Int+4}
HPRegen 1.04/turn               (ring unavailable)
MPRegen 0.16/turn               t - +6 ring of intelligence

@: exhausted, resistant, slowed, very slow
A: breathe noxious fumes, AC +7, unfitting armour, poison resistance,
cold-blooded, missing a hand, inability to use devices, temperature sensitive,
cold resistance 1
a: Breathe Noxious Fumes, Renounce Religion, Draw Out Power, Power Leap,
Apocalypse


You were on level 8 of the Dungeon.
You worshipped Ru.
Ru was exalted by your worship.
You visited 1 branch of the dungeon, and saw 8 of its levels.

You collected 356 gold pieces.

Inventory:

Hand Weapons
 a - a +3 scimitar
 k - a +1 long sword of draining
 m - a +0 hunting sling
 r - a +0 spear of freezing
 w - a +3 vorpal falchion (weapon)
 z - a +3 short sword
 A - a +0 hand axe
Missiles
 c - 194 stones
 s - 18 poisoned darts
 y - 4 boomerangs (quivered)
Armour
 d - a +2 pair of boots (worn)
 o - a +2 pair of gloves (worn)
 x - a +1 cloak (worn)
Jewellery
 e - a +4 ring of protection
 n - the amulet of the Harvest (around neck) {rF+++ Regen+ Str-2 Int+4}
   (You found it on level 7 of the Dungeon)

   [amulet of regeneration]

   Str:       It affects your strength (-2).
   Int:       It affects your intelligence (+4).
   rF:        It renders you almost immune to fire.
   Regen:     It increases your rate of health regeneration.
 p - an amulet of guardian spirit
 t - a +6 ring of intelligence (right hand)
 B - a ring of flight
Scrolls
 b - 7 scrolls of teleportation
 g - 2 scrolls of silence
Potions
 f - 4 potions of magic
 i - a potion of brilliance
 q - 2 potions of mutation
 v - a potion of flight {unknown}
 C - a potion of might {unknown}
 D - a potion of degeneration {unknown}


   Skills:
 - Level 7.0 Fighting
 - Level 5.0 Long Blades
 - Level 3.0 Axes
 - Level 7.0 Dodging
 - Level 2.0 Stealth
 + Level 6.4 Spellcasting
 + Level 5.2 Conjurations
 + Level 5.3 Transmutations
 + Level 5.3 Air Magic
 + Level 6.4 Poison Magic


You had 18 spell levels left.
You knew the following spells:

 Your Spells              Type           Power      Damage    Failure   Level
a - Sting                 Tmut/Pois      100%       1d8       1%          1
b - Poisonous Vapours     Pois/Air       62%        N/A       1%          2

Your spell library contained the following spells:

 Spells                   Type           Power      Damage    Failure   Level
 Magic Dart               Conj           100%       1d8       1%          1
 Static Discharge         Conj/Air       28%        N/A       1%          2
 Mephitic Cloud           Conj/Pois/Air  30%        N/A       2%          3
 Passwall                 Tmut/Erth      14%        N/A       4%          2
 Olgreb's Toxic Radiance  Pois           33%        N/A       7%          4
 Sandblast                Erth           12%        2d6       10%         1
 Stone Arrow              Conj/Erth      34%        3d9       10%         3
 Call Imp                 Summ           6%         N/A       14%         2
 Sublimation of Blood     Necr           6%         N/A       14%         2
 Petrify                  Tmut/Erth      17%        N/A       30%         4
 Irradiate                Conj/Tmut      14%        3d18      30%         5
 Lightning Bolt           Conj/Air       14%        1d27      30%         5
 Maxwell's Capacitive Co  Air            14%        ∞         100%        8
 Chain Lightning          Conj/Air       14%        3d18      100%        9
 Fire Storm               Conj/Fire      8%         8d2       100%        9
 Shatter                  Erth           3%         3d7*      100%        9


Dungeon Overview and Level Annotations

Branches:
Dungeon (8/15)             Temple (0/1) D:7            Lair (0/6) D:8

Altars:
Cheibriados
Elyvilon
Gozag
Kikubaaqudgha
Ru
Wu Jian
Yredelemnul
The Shining One

Annotations:
D:8 3 runed translucent doors, Erica; spaghetti's ghost, novice DgBr


Innate Abilities, Weirdness & Mutations

You can breathe blasts of noxious fumes.
Your lurid green scales are hard. (AC +7)
You cannot fit into any form of body armour.
Your system is resistant to poisons. (rPois)
You are cold-blooded and may be slowed by cold attacks.
You are missing a hand.
You cannot study or use magical devices.
You are sensitive to extremes of temperature. (rF-, rC-)
Your flesh is cold resistant. (rC+)


Message History

You hit something. Something hits you. Something hits you but does no damage.
You barely miss something. Something hits you! Something burns you.
You hit something.
You feel yourself speed up. Something hits you.
You focus your inner power and illuminate something in retribution!
You slash Erica!
Erica is almost dead.
Erica stops glowing and disappears.
Something hits you. Something burns you.
You barely miss something. Something hits you!
* * * LOW HITPOINT WARNING * * *
Something burns you.
* * * LOW HITPOINT WARNING * * *
Casting: Poisonous Vapours (safe; 1% risk of failure)
Confirm with . or Enter, or press ? or * to list all spells.
You can't see any susceptible monsters within range! (Use Z to cast anyway.)
Casting: Poisonous Vapours (safe; 1% risk of failure)
Confirm with . or Enter, or press ? or * to list all spells.
Aiming: Poisonous Vapours (safe; 1% risk of failure)
Press: ? - help, Dir - move target Poisonous vapours surround something!
Something hits you!!
* * * LOW HITPOINT WARNING * * *
You feel less attractive to monsters.
You feel better.
You hear some strange, mumbled words.
You feel yourself slow down.
It was a potion of mutation.
You feel extremely strange.
You feel resistant to cold.
You redirect something's attack!
Something hits you!
* * * LOW HITPOINT WARNING * * *
Something burns you.
* * * LOW HITPOINT WARNING * * *
Okay, then.
It was a potion of resistance.
You feel protected.
You hear some strange, mumbled words.
A lance of force appears from out of thin air!
The lance of force hits you!!
You die...

#.................
....#.<..........
##..#..........#
#............##### ##.
###..............##....
##....................
###.....................
#.......###.....##......
###....## #.....@.......
#.#..# ##...#{.......
###### #..##........
#.....#...#.#
#......#### # #......
........ ###......


There were no monsters in sight!

Vanquished Creatures
  Prince Ribbit (D:8)
  A wyvern (D:8)
  A yak (D:8)
  Eustachio (D:5)
  A water moccasin (D:7)
  2 ice beasts (D:5)
  3 black bears
  3 sky beasts
  2 ogres (D:6)
  2 centaurs
  3 phantoms
  A bullfrog (D:6)
  A necrophage (D:5)
  4 scorpions
  3 wights (D:8)
  3 jellies
  4 hounds
  An orc priest (D:8)
  2 gnoll shamans (D:7)
  4 iguanas
  4 orc wizards
  A mummy (D:4)
  11 gnolls
  4 adders
  An ufetubus (D:5)
  2 worms
  2 dart slugs
  21 orcs
  8 endoplasms
  4 giant cockroaches
  13 hobgoblins
  19 jackals
  6 kobolds
  3 quokkas
  5 ball pythons
  6 bats
  5 frilled lizards
  7 goblins
  6 rats
171 creatures vanquished.

Vanquished Creatures (collateral kills)
  Menkaure (D:6)
1 creature vanquished.

Vanquished Creatures (others)
  A wight (D:8)
  A howler monkey (D:7)
  2 orcs
4 creatures vanquished.

Grand Total: 176 creatures vanquished

Notes
Turn   | Place    | Note
-------+----------+-------------------------------------------
     0 | D:1      | NinjaNoafa the Draconian Monk began the quest for the Orb.
     0 | D:1      | Reached XP level 1. HP: 19/19 MP: 1/1
   303 | D:1      | Reached XP level 2. HP: 21/26 MP: 2/2
   643 | D:1      | Found a faded altar of an unknown god.
   785 | D:1      | Prayed at the altar of an unknown god.
   785 | D:1      | Became a worshipper of Ru the Awakened
   797 | D:1      | Gained mutation: You are missing a hand. [Ru sacrifice]
   797 | D:1      | Reached * piety under Ru
   797 | D:1      | Reached ** piety under Ru
   797 | D:1      | Reached *** piety under Ru
   880 | D:1      | Reached XP level 3. HP: 29/33 MP: 3/3
  1439 | D:2      | Found an ornate altar of the Wu Jian Council.
  1892 | D:3      | Reached skill level 1 in Long Blades
  1892 | D:3      | Reached XP level 4. HP: 39/41 MP: 4/4
  1943 | D:3      | Reached skill level 1 in Spellcasting
  2891 | D:4      | Found an ornate altar of the Wu Jian Council.
  3020 | D:4      | Found a snail-covered altar of Cheibriados.
  3254 | D:4      | Gained mutation: You are sensitive to extremes of
                  | temperature. (rF-, rC-) [Ru sacrifice]
  3254 | D:4      | Reached **** piety under Ru
  3254 | D:4      | Reached ***** piety under Ru
  3313 | D:4      | Found a basalt altar of Yredelemnul.
  3345 | D:4      | Noticed a phantom
  3352 | D:4      | Killed a phantom
  3353 | D:4      | Reached XP level 5. HP: 47/47 MP: 1/8
  3693 | D:4      | Reached XP level 6. HP: 53/55 MP: 9/9
  4411 | D:5      | Entered Level 5 of the Dungeon
  4415 | D:5      | Reached skill level 5 in Fighting
  4511 | D:5      | Noticed Eustachio
  4512 | D:5      | Killed Eustachio
  4513 | D:5      | Your scales start taking on a lurid green colour.
  4513 | D:5      | Reached XP level 7. HP: 51/61 MP: 2/12
  4513 | D:5      | Gained mutation: Your system is resistant to poisons.
                  | (rPois) [Green Draconian growth]
  5100 | D:5      | Reached skill level 1 in Evocations
  5171 | D:5      | Found an ancient bone altar of Kikubaaqudgha.
  5176 | D:5      | Found an opulent altar of Gozag.
  5181 | D:5      | Found a sacrificial altar of Ru.
  5367 | D:6      | Reached XP level 8. HP: 67/70 MP: 12/14
  5570 | D:6      | Found a white marble altar of Elyvilon.
  5582 | D:6      | Reached skill level 5 in Dodging
  5672 | D:6      | Noticed Menkaure
  5680 | D:6      | Killed Menkaure
  6096 | D:6      | Reached skill level 5 in Long Blades
  6363 | D:6      | Gained mutation: You cannot study or use magical devices.
                  | [Ru sacrifice]
  6363 | D:6      | Reached ****** piety under Ru
  6628 | D:7      | Found a glowing golden altar of the Shining One.
  6911 | D:7      | Found a staircase to the Ecumenical Temple.
  7009 | D:7      | Reached XP level 9. HP: 76/79 MP: 13/15
  7360 | D:7      | Identified the amulet of the Harvest {rF+++ Regen+ Str-2
                  | Int+4}
  7391 | D:7      | Reached skill level 1 in Poison Magic
  7629 | D:8      | Reached skill level 1 in Air Magic
  7634 | D:8      | Reached skill level 1 in Conjurations
  7634 | D:8      | Reached skill level 1 in Transmutations
  7665 | D:8      | Found a staircase to the Lair.
  7734 | D:8      | Noticed Prince Ribbit
  7748 | D:8      | Learned a level 1 spell: Sting
  7757 | D:8      | Killed Prince Ribbit
  7772 | D:8      | Learned a level 2 spell: Poisonous Vapours
  7798 | D:8      | Found a runed translucent gate.
  7798 | D:8      | Found a runed translucent gate.
  7798 | D:8      | Found a runed translucent gate.
  7799 | D:8      | Noticed a seven-headed hydra
  7800 | D:8      | Found an opulent altar of Gozag.
  7800 | D:8      | Noticed a skeletal warrior
  7801 | D:8      | Noticed spaghetti's ghost (novice DgBr)
  7847 | D:8      | Noticed Erica
  7849 | D:8      | Reached skill level 5 in Conjurations
  7849 | D:8      | Reached skill level 5 in Transmutations
  7849 | D:8      | Reached skill level 5 in Air Magic
  7849 | D:8      | Reached XP level 10. HP: 86/86 MP: 16/19
  7865 | D:8      | Gained mutation: Your flesh is cold resistant. (rC+)
                  | [potion of mutation]
  7866 | D:8      | Killed from afar by Erica

Illustrated notes

Levels and vault maps discovered:
D:1:      dpeg_arrival_radiant, layout_loops_ring,
          hellmonk_ecumenical_altar_inner_sanctum
D:2:      layout_rooms, basic_altar
D:3:      layout_basic, st_stairs_7
D:4:      layout_layer_cave, nicolae_wu_jian_wuxing_cycle, slow_altar_2,
          mainiacjoe_overflow_chevrons
D:5:      layout_gridville, minmay_overflow_temple_star_quad,
          kennysheep_nondescript, nicolae_elevator_lobby_plus, uniq_eustachio
D:6:      layout_loops_ring, elyvilon_altar_1, sigmund_army, uniq_menkaure
D:7:      layout_basic, mainiacjoe_overflow_24_doors,
          minmay_temple_entry_statues_pillars
D:8:      layout_cave_pools, david_lair_generic, ebering_ghost_gozag,
          uniq_erica, uniq_prince_ribbit1

Skill      XL: |  1  2  3  4  5  6  7  8  9 |
---------------+----------------------------+-----
Stealth        | 2 |  2.0
Fighting       | 4 5 6 7 |  7.0
Dodging        | 3 4 6 7 |  7.0
Long Blades    | 1 2 3 5 |  5.0
Spellcasting   | 2 3 4 6 |  6.4
Evocations     | 1 0 |  0.0
Poison Magic   | 6 |  6.4
Air Magic      | 5 |  5.3
Conjurations   | 5 |  5.2
Transmutations | 5 |  5.3
Axes           | |  3.0

Action                   |  1- 3 |  4- 6 |  7- 9 | 10-12 || total
-------------------------+-------+-------+-------+-------++-------
Melee: Hand axe          |    75 |       |       |       ||    75
       Tailslap          |    13 |     9 |    44 |     1 ||    67
       Long sword        |    68 |    72 |       |       ||   140
       Falchion          |       |       |   259 |     8 ||   267
Throw: Boomerang         |       |       |     1 |       ||     1
 Cast: Sting             |       |       |     2 |     1 ||     3
       Poisonous Vapours |       |       |       |     4 ||     4
Invok: Sacrifice a Hand  |     1 |       |       |       ||     1
       Power Leap        |       |     3 |     4 |     1 ||     8
       Sacrifice Resista |       |     1 |       |       ||     1
       Apocalypse        |       |     1 |     3 |       ||     4
       Sacrifice Artific |       |       |     1 |       ||     1
 Abil: Breathe Noxious F |       |       |     6 |       ||     6
  Use: Potion            |     1 |       |     3 |     3 ||     7
       Scroll            |       |     3 |    13 |       ||    16
 Stab: Sleeping          |     7 |     5 |     3 |       ||    15
       Invisible         |     1 |       |     2 |       ||     3
       Distracted        |       |     1 |     2 |       ||     3
       Confused          |       |       |     4 |       ||     4
Armor: Skin              |   105 |    24 |   112 |     3 ||   244
Dodge: Dodged            |   155 |    56 |   166 |       ||   377

Table legend: (Time is in decaauts)
 A = Elapsed time spent in this place.
 B = Non-inter-level travel time spent in this place.
 C = Inter-level travel time spent in this place.
 D = Time resting spent in this place.
 E = Time spent auto-exploring this place.
 F = Levels seen in this place.
 G = Mean time per level.
                   A        B        C        D        E       F      G
               +--------+--------+--------+--------+--------+-----+--------+
         Total |   7952 |   7763 |    189 |      0 |   6240 |   8 |  994.0 |
       Dungeon |   7952 |   7763 |    189 |      0 |   6240 |   8 |  994.0 |
               +--------+--------+--------+--------+--------+-----+--------+

Top non-repeatable levels by time:
     D:4: 1620 daAuts
     D:6: 1378 daAuts
     D:1: 1300 daAuts
     D:3: 983 daAuts
     D:7: 964 daAuts
     D:5: 831 daAuts
     D:2: 567 daAuts
     D:8: 306 daAuts
